 Dungeon Crawl Stone Soup version 0.24-a0-250-g6074511 (webtiles) character file.

Game seed: 5799941493118808105

6254 Syader the Fighter (level 10, 0/85 HPs)
             Began as a Demonspawn Hunter on Apr 14, 2019.
             Was a Priest of Wu Jian.
             Slain by a soul eater (16 damage)
             ... in a Gauntlet.
             The game lasted 00:44:08 (12211 turns).

Syader the Fighter (Demonspawn Hunter)             Turns: 12211, Time: 00:44:09

Health: 0/85       AC:  6    Str: 17    XL:     10   Next: 62%
Magic:  14/14      EV: 16    Int: 14    God:    Wu Jian [***...]
Gold:   732        SH:  0    Dex: 21    Spells: 11/15 levels left

rFire    + . .     SeeInvis .     - Unarmed
rCold    . . .     Gourm    .   (no shield)
rNeg     . . .     Faith    .   K - +1 leather armour {rC+}
rPois    +         Spirit   .   (helmet restricted)
rElec    .         Reflect  .   e - +1 cloak
rCorr    .         Harm     .   (no gloves)
MR       .....     NoTele   +   (no boots)
Stlth    +++++.....             (no amulet)
HPRegen  0.24/turn              l - ring of poison resistance
MPRegen  0.14/turn              H - ring of Seosaoq {rF+ rC- Dex+5}

@: mighty, heavily drained
A: claws 2, horns 1, talons 2, nightstalker 2, spiny 1
a: Wall Jump, Serpent's Lash, Renounce Religion


You were in a Gauntlet.
You worshipped Wu Jian.
Wu Jian was most pleased with you.
You were not hungry.

You visited 2 branches of the dungeon, and saw 12 of its levels.
You also visited: Sewer and Gauntlet.

You collected 732 gold pieces.

Inventory:

Hand Weapons
 a - a +1 hand crossbow
 j - a +2 flail of protection
 u - a +0 spear of pain
Missiles
 d - 75 bolts
Armour
 b - a +0 ring mail
 e - a +1 cloak (worn)
 K - a +1 leather armour of cold resistance (worn)
Jewellery
 l - a ring of poison resistance (left claw)
 q - an uncursed ring of magical power
 r - an uncursed ring of protection from magic
 C - an uncursed ring of positive energy
 H - the ring of Seosaoq (right claw) {rF+ rC- Dex+5}
   (You acquired it on level 11 of the Dungeon)

   [ring of protection from fire]

   It affects your dexterity (+5).
   It protects you from fire.
   It makes you vulnerable to cold.
Wands
 t - a wand of iceblast (4)
 E - a wand of polymorph (10)
 F - a wand of disintegration (12)
 G - a wand of acid (13)
 I - a wand of paralysis (9)
 L - a wand of digging (4)
Scrolls
 c - a scroll of identify
 h - 3 scrolls of amnesia
 m - 4 scrolls of teleportation
 y - 3 scrolls of remove curse
 D - 4 scrolls of brand weapon
 J - a scroll of vulnerability
 M - a scroll of enchant armour
Potions
 i - a potion of brilliance
 k - a potion of haste {unknown}
 n - a potion of curing
 o - 2 potions of lignification {unknown}
 p - 2 potions of resistance
 v - a potion of ambrosia {unknown}
 w - a potion of degeneration {unknown}
 z - a potion of might
 A - a potion of flight
Comestibles
 f - 10 rations


   Skills:
 - Level 10.0(8.6) Fighting
   Level 1.5(0.5) Short Blades
 - Level 3.6(2.4) Crossbows
 - Level 2.0(0.9) Armour
 + Level 7.0(5.7) Dodging
 + Level 5.9(4.7) Stealth
 - Level 6.0(4.8) Unarmed Combat
 - Level 3.0(1.9) Spellcasting
 - Level 2.1(1.0) Hexes


You had 11 spell levels left.
You knew the following spells:

 Your Spells              Type           Power        Failure   Level  Hunger
a - Confusing Touch       Hex            #.....       19%         1    ##.....
b - Apportation           Tloc           #.....       28%         1    ##.....
c - Swiftness             Chrm/Air       #.......     41%         2    ###....

Your spell library contained the following spells:

 Spells                   Type           Power        Failure   Level  Hunger
 Animate Skeleton         Necr           N/A          28%         1    ##.....
 Magic Dart               Conj           #...         28%         1    ##.....
 Shock                    Conj/Air       #...         28%         1    ##.....
 Summon Small Mammal      Summ           #...         28%         1    ##.....
 Searing Ray              Conj           #.....       41%         2    ###....
 Dazzling Spray           Conj/Hex       #.....       56%         3    ####...
 Static Discharge         Conj/Air       #.......     65%         3    ####...
 Fulminant Prism          Conj/Hex       #.........   92%         4    #####..
 Airstrike                Air            #.........   96%         4    #####..
 Force Lance              Conj/Tloc      #.......     96%         4    #####..
 Iskenderun's Mystic Bla  Conj           #.......     96%         4    #####..
 Lightning Bolt           Conj/Air       #.........   100%        5    ######.


Dungeon Overview and Level Annotations

Branches:
Dungeon (11/15)            Temple (1/1) D:6            Lair (0/6) D:11
    Orc: D:9-12

Altars:
Ashenzari
Cheibriados
Dithmenos
Elyvilon
Fedhas
Gozag
Hepliaklqana
Kikubaaqudgha
Makhleb
Nemelex Xobeh
Okawaru
Qazlal
Ru
Sif Muna
Trog
Uskayaw
Vehumet
Wu Jian
Xom
Yredelemnul
Zin
The Shining One
Beogh

Shops:
D:6 %   D:7 (   D:10 }

Annotations:
D:6 exclusion: 2 wights
D:9 exclusion: manticore
D:11 1 runed translucent door, Urug; confidenceinterval's ghost, journeyman MiFi Gauntlet 13 transporters, exclusion: obsidian statue


Innate Abilities, Weirdness & Mutations

You have very sharp fingernails.
You have a pair of small horns on your head.
You have razor-sharp toenails.
You are significantly more attuned to the shadows.
You are partially covered in sharp spines.


Message History

The soul eater is healed.
Unknown command.
You feel better.
The soul eater hits you but does no damage.
You scratch the soul eater but do no damage.
You headbutt the soul eater, but do no damage.
The soul eater is moderately wounded.
The soul eater hits you but does no damage.
Unknown command.
You scratch the soul eater but do no damage.
You claw the soul eater.
You headbutt the soul eater, but do no damage.
The soul eater is heavily wounded.
The soul eater closely misses you.
Unknown command.
You scratch the soul eater but do no damage.
Your kick misses the soul eater.
The soul eater is heavily wounded.
The soul eater hits you!
You die...

..##.#..#. .#..#.#.#.# P#.#.#.#.#
#.#.#.#.#.# #..#.#..#.
.#..#.#.##. ...#.#.#.#
#.#Y#.#..## ...#.#....
..YY#.#.... ##########
########### #
..........©#≈≈≈§8≈≈§≈# . #
############## ## ≈§
........@3.... §≈ ##
#################### ## Z.
.#.#...$©....#.#...≈ .. .##
.#.#.#.....#.#.#.≈≈. ≈. ..##
.#.#..#####..#.#≈..≈ ≈.≈ [..#
.#.#..##.##..#.#≈.≈. ≈..! ©s.#
.#.#....©....#.#.≈≈. ≈.p©
?..#.#...#.#..##.##..#.#....≈≈.≈%
..##.##..#.#..#####..#.#..≈≈..≈..


You could see a dire elephant, 2 elephants and a soul eater.

Vanquished Creatures
  Psyche (D:11)
  3 hippogriffs
  7 yaks
  A hungry ghost (D:9)
  A basilisk (D:11)
  An ice beast (D:7)
  A phantom (D:11)
  2 black bears
  6 sky beasts
  3 orc warriors
  6 ogres
  3 centaurs
  4 big kobolds
  5 bullfrogs
  3 scorpions
  3 crimson imps
  2 bullfrog zombies (D:11)
  A jelly (D:8)
  10 hounds
  7 orc wizards
  4 orc priests
  5 worker ants
  3 iguanas
  A worker ant zombie (D:10)
  A howler monkey skeleton (D:5)
  10 gnolls
  16 adders
  3 shadow imps
  2 adder skeletons
  2 worms
  6 leopard geckos
  44 orcs
  6 bats
  8 giant cockroaches
  3 goblins
  9 hobgoblins
  10 jackals
  18 kobolds
  3 quokkas
  2 ball pythons (Sewer)
  7 frilled lizards
  A quokka zombie (D:8)
  7 rats
241 creatures vanquished.

Vanquished Creatures (others)
  3 fungi (Gauntlet)
  3 plants (Gauntlet)
6 creatures vanquished.

Grand Total: 247 creatures vanquished

Notes
Turn   | Place    | Note
-------+----------+-------------------------------------------
     0 | D:1      | Syader the Demonspawn Hunter began the quest for the Orb.
     0 | D:1      | Reached XP level 1. HP: 16/16 MP: 1/1
    91 | D:1      | Reached skill level 1 in Short Blades
   428 | D:1      | Gained mutation: You have a pair of small horns on your
                  | head. [demonic ancestry]
   428 | D:1      | Reached XP level 2. HP: 22/22 MP: 2/2
   904 | D:2      | Reached skill level 1 in Unarmed Combat
   905 | D:2      | Gained mutation: You have sharp toenails. [demonic
                  | ancestry]
   905 | D:2      | Reached XP level 3. HP: 27/27 MP: 3/3
  1582 | D:3      | Gained mutation: You are partially covered in sharp spines.
                  | [demonic ancestry]
  1582 | D:3      | Reached XP level 4. HP: 22/33 MP: 4/4
  1993 | D:3      | Learned a level 1 spell: Confusing Touch
  1995 | D:3      | Learned a level 1 spell: Apportation
  2114 | D:3      | Gained mutation: You are slightly more attuned to the
                  | shadows. [demonic ancestry]
  2114 | D:3      | Reached XP level 5. HP: 18/39 MP: 3/5
  2434 | D:3      | Found a sparkling altar of Nemelex Xobeh.
  2858 | D:4      | Found a glowing drain.
  2867 | Sewer    | Entered a sewer
  3017 | Sewer    | Reached skill level 3 in Fighting
  3017 | Sewer    | Reached skill level 1 in Hexes
  3017 | Sewer    | Gained mutation: You have sharp fingernails. [demonic
                  | ancestry]
  3017 | Sewer    | Reached XP level 6. HP: 44/47 MP: 6/6
  3290 | D:4      | Reached skill level 1 in Stealth
  3321 | D:4      | Gained mutation: You are significantly more attuned to the
                  | shadows. [demonic ancestry]
  3321 | D:4      | Reached XP level 7. HP: 29/53 MP: 7/7
  3916 | D:5      | Entered Level 5 of the Dungeon
  4005 | D:5      | Reached skill level 1 in Spellcasting
  4151 | D:5      | Reached skill level 4 in Fighting
  4998 | D:5      | Gained mutation: You have very sharp fingernails. [demonic
                  | ancestry]
  4998 | D:5      | Reached XP level 8. HP: 34/61 MP: 9/11
  5427 | D:6      | Found a shattered altar of Ashenzari.
  5525 | D:6      | Found a staircase to the Ecumenical Temple.
  5539 | Temple   | Entered the Ecumenical Temple
  5783 | Temple   | Became a worshipper of the Wu Jian Council
  5960 | D:6      | Reached skill level 5 in Unarmed Combat
  6162 | D:6      | Found an iron altar of Okawaru.
  6354 | D:6      | Reached skill level 5 in Fighting
  6431 | D:6      | Found Imisio's Food Shoppe.
  6743 | D:7      | Learned a level 2 spell: Swiftness
  6972 | D:7      | Reached * piety under Wu Jian
  6980 | D:7      | Reached skill level 5 in Dodging
  7087 | D:7      | Gained mutation: You have razor-sharp toenails. [demonic
                  | ancestry]
  7087 | D:7      | Reached XP level 9. HP: 65/69 MP: 13/13
  7230 | D:7      | Found Gamuej's Weapon Shoppe.
  7646 | D:8      | Reached skill level 6 in Fighting
  7796 | D:8      | Reached skill level 7 in Fighting
  8382 | D:8      | Found a shimmering altar of Xom.
  8713 | D:9      | Reached skill level 8 in Fighting
  8777 | D:9      | Got a sparkling ruby amulet
  8954 | D:9      | Reached skill level 9 in Fighting
  9258 | D:9      | Noticed a manticore
  9435 | D:9      | Found a roughly hewn altar of Beogh.
  9440 | D:9      | Reached ** piety under Wu Jian
  9740 | D:10     | Entered Level 10 of the Dungeon
  9998 | D:10     | Noticed a centaur warrior
 10023 | D:10     | Reached skill level 10 in Fighting
 10023 | D:10     | Reached XP level 10. HP: 46/85 MP: 14/14
 10029 | D:10     | Found Ynkuli's Gadget Shoppe.
 10061 | D:10     | Reached skill level 1 in Armour
 10308 | D:10     | Identified the amulet of Oschiad {Harm *Drain MR++ Dex+2}
                  | (You found it on level 9 of the Dungeon)
 10929 | D:10     | Reached *** piety under Wu Jian
 11009 | D:10     | Found a large runed translucent door.
 11009 | D:10     | Found a large runed translucent door.
 11162 | D:10     | Noticed a two-headed ogre
 11175 | D:10     | Noticed a naga warrior
 11180 | D:10     | Found an iron altar of Okawaru.
 11180 | D:10     | Found an iron altar of Okawaru.
 11180 | D:10     | Noticed a centaur warrior
 11479 | D:11     | Reached skill level 5 in Stealth
 11481 | D:11     | Identified a scroll of acquirement
 11482 | D:11     | Got a flickering platinum ring
 11484 | D:11     | Identified the ring of Seosaoq {rF+ rC- Dex+5} (You
                  | acquired it on level 11 of the Dungeon)
 11550 | D:11     | Noticed Psyche
 11578 | D:11     | Found a staircase to the Lair.
 11648 | D:11     | Noticed a two-headed ogre
 11657 | D:11     | Killed Psyche
 11734 | D:11     | Noticed Urug
 11779 | D:11     | Found a runed translucent door.
 11781 | D:11     | Noticed confidenceinterval's ghost (journeyman MiFi)
 11782 | D:11     | Noticed a wizard
 11898 | D:11     | Found a gate leading to a gauntlet.
 11910 | Gauntlet | Entered a Gauntlet
 11910 | Gauntlet | Found a transporter.
 11974 | Gauntlet | Found a transporter.
 11974 | Gauntlet | Noticed a death scarab
 11983 | Gauntlet | Found a transporter.
 11985 | Gauntlet | Noticed a gargoyle
 11988 | Gauntlet | Found a transporter.
 12010 | Gauntlet | Found a transporter.
 12010 | Gauntlet | Noticed a great orb of eyes
 12014 | Gauntlet | Noticed a green ugly thing
 12021 | Gauntlet | Noticed a molten gargoyle
 12022 | Gauntlet | Found a transporter.
 12022 | Gauntlet | Noticed a catoblepas
 12028 | Gauntlet | Noticed a gargoyle
 12042 | Gauntlet | Noticed an elephant
 12043 | Gauntlet | Noticed an elephant
 12045 | Gauntlet | Found the +1 cloak of Starlight {rElec rC+ EV+4 Stlth--}
 12046 | Gauntlet | Noticed a dire elephant
 12050 | Gauntlet | Noticed an elephant
 12058 | Gauntlet | Found a transporter.
 12066 | Gauntlet | Noticed a green death
 12067 | Gauntlet | Found a transporter.
 12068 | Gauntlet | Noticed an orange demon
 12095 | Gauntlet | Found a transporter.
 12095 | Gauntlet | Noticed an obsidian statue
 12107 | Gauntlet | Found a transporter.
 12129 | Gauntlet | Found a transporter.
 12141 | Gauntlet | Found a transporter.
 12143 | Gauntlet | Found a transporter.
 12145 | Gauntlet | Noticed a necromancer
 12180 | Gauntlet | Noticed a soul eater
 12180 | Gauntlet | Found a transporter.
 12185 | Gauntlet | Found a transporter.
 12211 | Gauntlet | Slain by a soul eater

Levels and vault maps discovered:
D:1:      tarquinn_simple_flora_water_d, layout_loops_ring
D:2:      layout_basic
D:3:      layout_basic, nemelex_xobeh_ov_fountains_minmay, first_ration
D:4:      layout_cave_pools, portal_sewer_entry_d, lemuel_flame_loot_1
D:5:      layout_basic
D:6:      cheibrodos_thug_alley, layout_basic, minmay_temple_entry_junction,
          basic_altar, serial_shops, shop, ashenzari_altar_1
D:7:      layout_gridville, serial_shops, nicolae_shop_crystal
D:8:      layout_basic, old_standard_altar
D:9:      layout_gridville, special_room [special_room_orc]
D:10:     okawaru_arena_lexackson, layout_basic, serial_shops,
          nicolae_shop_waterfront
D:11:     layout_basic, lair_entry_dummy, gauntlet_entry_generic,
          ebering_ghost_inner_flame, uniq_urug, uniq_psyche
Temple:   regret_index_temple_chain_breaker
Sewer:    sewer_frog_island_01
Gauntlet: gammafunk_gauntlet_one_two_three [nicolae_gauntlet_arena_blocks,
          nicolae_gauntlet_arena_flowing_pool, gammafunk_gauntlet_arena_split_x,
          gammafunk_gauntlet_arena_split_diamond,
          gammafunk_gauntlet_arena_hedges, gammafunk_gauntlet_arena_spirals,
          gammafunk_gauntlet_arena_grid, gammafunk_gauntlet_arena_arrow_garden,
          gammafunk_gauntlet_arena_open, gauntlet_exit_spiral]

Skill      XL: |  1  2  3  4  5  6  7  8  9 10 |
---------------+-------------------------------+-----
Short Blades   | 1 |  1.5
Unarmed Combat | 1 2 3 4 5 6 |  6.0
Dodging        | 2 3 4 5 7 |  7.0
Fighting       | 3 4 5 10 | 10.0
Hexes          | 1 2 |  2.1
Stealth        | 1 2 3 5 |  5.9
Spellcasting   | 2 3 |  3.0
Armour         | 2 |  2.0
Crossbows      | |  3.6

Action                   |  1- 3 |  4- 6 |  7- 9 | 10-12 || total
-------------------------+-------+-------+-------+-------++-------
Melee: Short sword       |    25 |       |       |       ||    25
       Unarmed           |    62 |   138 |   302 |   150 ||   652
       Headbutt          |    11 |    24 |    43 |    33 ||   111
       Flail             |     7 |       |       |       ||     7
       Kick              |     6 |    31 |    78 |    46 ||   161
       Punch             |       |     2 |     6 |     1 ||     9
 Fire: Hand crossbow     |    31 |     6 |     6 |     1 ||    44
 Cast: Confusing Touch   |       |     1 |       |       ||     1
       Apportation       |       |       |     7 |     3 ||    10
Invok: Lunge             |       |       |    16 |    11 ||    27
       Whirlwind         |       |       |    43 |    37 ||    80
 Abil: Wall Jump         |       |       |       |     1 ||     1
Evoke: Wand              |       |       |     2 |     2 ||     4
  Use: Scroll            |     3 |     2 |     9 |     9 ||    23
       Potion            |       |       |       |     3 ||     3
 Stab: Sleeping          |     2 |     2 |    18 |    10 ||    32
       Distracted        |       |     1 |     1 |     1 ||     3
  Eat: Ration            |     1 |       |     3 |     2 ||     6
       Chunk             |       |     5 |    13 |     2 ||    20
Armor: Leather armour    |    29 |    28 |    43 |    20 ||   120
Dodge: Dodged            |    76 |    59 |   138 |    86 ||   359

Table legend:
 A = Non-vault XP
 B = Vault XP
 C = Vault XP percentage of total XP
 D = Non-vault monster count
 E = Vault monster count
 F = Vault count percentage of total count
                 A         B        C        D         E       F
            +---------+---------+-------+---------+---------+-------
      Total |    7665 |    1270 |  14.2 |     185 |      56 |  23.2
            +---------+---------+-------+---------+---------+-------
        D:1 |      20 |       0 |   0.0 |      12 |       0 |   0.0
        D:2 |      66 |       0 |   0.0 |      10 |       0 |   0.0
        D:3 |     168 |       0 |   0.0 |      33 |       0 |   0.0
        D:4 |     294 |      13 |   4.2 |      14 |       1 |   6.7
        D:5 |     655 |       0 |   0.0 |      10 |       0 |   0.0
        D:6 |     497 |     208 |  29.5 |      12 |      10 |  45.5
        D:7 |     862 |       0 |   0.0 |      21 |       0 |   0.0
        D:8 |     957 |       0 |   0.0 |      21 |       0 |   0.0
        D:9 |     906 |     354 |  28.1 |       7 |      24 |  77.4
       D:10 |    2103 |       0 |   0.0 |      26 |       0 |   0.0
       D:11 |    1137 |     424 |  27.2 |      19 |       1 |   5.0
      Sewer |       0 |     248 | 100.0 |       0 |      18 | 100.0
   Gauntlet |       0 |      23 | 100.0 |       0 |       2 | 100.0
            +---------+---------+-------+---------+---------+-------
